 Dungeon Crawl Stone Soup version 0.28.0-53-g5a82cb258f (webtiles) character file.

Game seed: 9791787492683321800

373 infcreate the Sneak (level 6, -3/32 HPs)
             Began as a Vampire Enchanter on July 29, 2022.
             Splashed by a jelly's acid (4 damage)
             ... on level 4 of the Dungeon.
             The game lasted 00:09:26 (3878 turns).

infcreate the Sneak (Vampire Enchanter)             Turns: 3878, Time: 00:09:26

Health: -3/32      AC: -2    Str:  7    XL:     6   Next: 43%
Magic:  2/10       EV: 13    Int: 17    God:
Gold:   92         SH:  0    Dex: 17    Spells: 3/11 levels left

rFire   . . .      SeeInvis +   a - +1 dagger
rCold   + + .      Faith    .   (no shield)
rNeg    + + +      Spirit   .   b - +0 robe
rPois   ∞          Reflect  .   (no helmet)
rElec   .          Harm     .   (no cloak)
rCorr   .          Rampage  .   (no gloves)
Will    .....                   (no boots)
Stlth   +++++.....              (no amulet)
HPRegen 0.00/turn               (no ring)
MPRegen 0.12/turn               (no ring)

@: corroded, bloodless, inhibited regen
A: bloodless, fangs 3, see invisible, vampiric 2
a: Bat Form, Revivify


You were on level 4 of the Dungeon.
You visited 1 branch of the dungeon, and saw 4 of its levels.

You collected 92 gold pieces.


Innate Abilities, Weirdness & Mutations

You do not regenerate when monsters are visible.
You are frail without blood (-20% HP).
You can heal yourself when you bite living creatures.
You are immune to poison.
You have razor-sharp teeth.
You have supernaturally acute eyesight. (SInv)
You are afflicted with vampirism and can become a bat while bloodless.


   Skills:
 + Level 3.2 Short Blades
 + Level 3.8 Dodging
 + Level 6.4 Stealth
 + Level 3.3 Spellcasting
 + Level 6.1 Hexes


You had 3 spell levels left.
You knew the following spells:

 Your Spells              Type           Power      Damage    Failure   Level
c - Confusing Touch       Hex            23%        N/A       4%          3
d - Tukima's Dance        Hex            23%        N/A       4%          3
e - Ensorcelled Hibernat  Hex/Ice        26%        N/A       8%          2

Your spell library contained the following spells:

 Spells                   Type           Power      Damage    Failure   Level
 Dazzling Flash           Conj/Hex       26%        N/A       14%         3
 Gell's Gravitas          Tloc           2%         N/A       45%         3
 Lesser Beckoning         Tloc           2%         N/A       45%         3
 Teleport Other           Tloc           2%         N/A       45%         3

Inventory:

Hand Weapons
 a - a +1 dagger (weapon)
 i - a +0 dagger of flaming
Armour
 b - a +0 robe (worn)
Magical Staves
 d - a staff of cold {!a}
 j - a staff of conjuration {!a}
 k - a staff of fire {!a}
Scrolls
 e - a scroll of torment
 f - 2 scrolls of blinking
 m - a scroll of fear
 o - a scroll of enchant armour {unknown}
Potions
 c - a potion of invisibility
 g - a potion of magic {unknown}
 h - 2 potions of attraction
 l - a potion of lignification {unknown}
 n - a potion of mutation
 p - a potion of heal wounds {unknown}

Dungeon Overview and Level Annotations

Branches:
Dungeon (4/15)
 Temple: D:4-7

Altars:

Shops:
D:2

( ###)#####......
#....#......### #)#####.#.....#
##.#.........#.# #########
#....###)#...... #.......#
#.)..###.#.#...# #.......#
#...)....#÷..###
########.......####'#########.#
..J.....<.....÷J@.)...># #.#
#####.##.......######### #.###
#.###...#### #.... #.# #...#
##### #.# #...# #.# #...# #.#
#...# #.# #...# #.# #####


You could see a jelly (confused).


Message History

Confirm with . or Enter, or press ? or * to list all spells.
Aiming: Ensorcelled Hibernation (safe; 8% risk of failure)
Press: ? - help, Shift-Dir - straight line, f/p - jelly
Aim: a jelly (chance to affect: 55%)
The jelly resists with significant effort.
Casting: Ensorcelled Hibernation (safe; 8% risk of failure)
Confirm with . or Enter, or press ? or * to list all spells.
Your hands begin to glow red.
You hit the jelly but do no damage.
Your hands burn!
The jelly completely misses you.
You hit the jelly but do no damage.
The jelly appears confused.
The acid corrodes you!
Your hands burn!
The jelly closely misses you.
The jelly hits itself.
You hit the jelly.
Your hands burn!
You bite the jelly, but do no damage.
The jelly is moderately wounded.
You hit the jelly but do no damage.
Your hands burn!
You bite the jelly.
The jelly is moderately wounded.
The jelly closely misses you.
You hit the jelly.
Your hands burn!
* * * LOW HITPOINT WARNING * * *
The jelly is moderately wounded.
You hit the jelly.
Your hands burn!
* * * LOW HITPOINT WARNING * * *
The jelly is heavily wounded.
The jelly hits you.
* * * LOW HITPOINT WARNING * * *
You are splashed with acid!
* * * LOW HITPOINT WARNING * * *
You hit the jelly.
Your hands burn!
You die...

Skill      XL: |  1  2  3  4  5  6 |
---------------+-------------------+-----
Stealth        | 5 6 |  6.4
Hexes          | 5 6 |  6.1
Short Blades   | 2 3 |  3.2
Dodging        | 3 |  3.8
Spellcasting   | 3 |  3.3

Action                   |  1- 3 |  4- 6 || total
-------------------------+-------+-------++-------
Melee: Dagger            |    62 |    62 ||   124
       Bite              |     3 |     6 ||     9
       Punch             |       |     1 ||     1
 Cast: Ensorcelled Hiber |    10 |    22 ||    32
       Confusing Touch   |     1 |     5 ||     6
       Tukima's Dance    |       |     1 ||     1
 Abil: Exsanguinate      |     1 |       ||     1
  Use: Scroll            |     1 |     4 ||     5
 Stab: Sleeping          |    35 |    22 ||    57
       Confused          |     1 |     3 ||     4
Armor: Robe              |     5 |     4 ||     9
Dodge: Dodged            |    14 |    20 ||    34

Levels and vault maps discovered:
D:1:      dpeg_arrival_circle_labyrinth_a, layout_basic,
          chequers_ecumenical_altar_lobes
D:2:      layout_basic, serial_shops, nicolae_shop_bloodbath_and_beyond
D:3:      layout_basic
D:4:      layout_basic, chequers_decorated_corner, uniq_natasha, uniq_grinder,
          uniq_pikel

Notes
Turn   | Place    | Note
-------+----------+-------------------------------------------
     0 | D:1      | infcreate the Vampire Enchanter began the quest for the
                  | Orb.
     0 | D:1      | Reached XP level 1. HP: 13/13 MP: 3/3
   498 | D:1      | Reached XP level 2. HP: 9/15 MP: 5/5
   501 | D:1      | Learned a level 2 spell: Ensorcelled Hibernation
   693 | D:1      | Found a faded altar of an unknown god.
  1084 | D:1      | Gained mutation: You are afflicted with vampirism and can
                  | become a bat while bloodless. [Vampire growth]
  1084 | D:1      | Reached XP level 3. HP: 19/19 MP: 6/6
  1088 | D:1      | Learned a level 3 spell: Confusing Touch
  1208 | D:2      | Reached skill level 5 in Stealth
  1472 | D:2      | Reached skill level 5 in Hexes
  1518 | D:2      | Found Miarer's Weapon Shop.
  1526 | D:2      | Reached skill level 2 in Short Blades
  1654 | D:2      | Reached XP level 4. HP: 24/24 MP: 7/7
  1846 | D:2      | Reached skill level 3 in Dodging
  2631 | D:3      | Noticed a bullfrog
  2986 | D:4      | Noticed an ogre
  2992 | D:4      | Learned a level 3 spell: Tukima's Dance
  2999 | D:4      | Noticed a lemure
  3020 | D:4      | Noticed a black bear
  3022 | D:4      | Killed a black bear
  3023 | D:4      | Reached skill level 3 in Spellcasting
  3023 | D:4      | Reached XP level 5. HP: 28/28 MP: 9/9
  3046 | D:4      | Killed an ogre
  3047 | D:4      | Reached skill level 3 in Short Blades
  3047 | D:4      | Reached skill level 6 in Stealth
  3047 | D:4      | Reached XP level 6. HP: 32/32 MP: 6/10
  3365 | D:3      | Reached skill level 6 in Hexes
  3877 | D:4      | HP: 1/32 [acid (11)]
  3878 | D:4      | Splashed by a jelly's acid

Vanquished Creatures
  A black bear (D:4)
  A lemure (D:3)
  A bullfrog (D:3)
  6 adders
  4 worms (D:2)
  A dart slug (D:1)
  10 ball pythons
  6 bats
  4 endoplasms
  2 giant cockroaches
  5 goblins
  5 hobgoblins
  7 quokkas
  2 frilled lizards
  7 kobolds
  5 rats
67 creatures vanquished.

Vanquished Creatures (collateral kills)
  An ogre (D:4)
1 creature vanquished.

Grand Total: 68 creatures vanquished

Table legend: (Time is in decaauts)
 A = Elapsed time spent in this place.
 B = Non-inter-level travel time spent in this place.
 C = Inter-level travel time spent in this place.
 D = Time resting spent in this place.
 E = Time spent auto-exploring this place.
 F = Levels seen in this place.
 G = Mean time per level.
                   A        B        C        D        E       F      G
               +--------+--------+--------+--------+--------+-----+--------+
         Total |   3866 |   3429 |    437 |    705 |   1964 |   4 |  966.5 |
       Dungeon |   3866 |   3429 |    437 |    705 |   1964 |   4 |  966.5 |
               +--------+--------+--------+--------+--------+-----+--------+

Top non-repeatable levels by time:
     D:3: 1272 daAuts
     D:1: 1157 daAuts
     D:2: 1075 daAuts
     D:4: 360 daAuts

Table legend:
 A = Non-vault XP
 B = Vault XP
 C = Vault XP percentage of total XP
 D = Non-vault monster count
 E = Vault monster count
 F = Vault count percentage of total count
                 A         B        C        D         E       F
            +---------+---------+-------+---------+---------+-------
      Total |     534 |       0 |   0.0 |      67 |       0 |   0.0
            +---------+---------+-------+---------+---------+-------
        D:1 |      44 |       0 |   0.0 |      27 |       0 |   0.0
        D:2 |      98 |       0 |   0.0 |      23 |       0 |   0.0
        D:3 |     128 |       0 |   0.0 |       8 |       0 |   0.0
        D:4 |     264 |       0 |   0.0 |       9 |       0 |   0.0
            +---------+---------+-------+---------+---------+-------
